 Dungeon Crawl Stone Soup version 0.20.0-15-g7f486f2 (webtiles) character file.

85 ANON1729 the Conjurer (level 4, -3/24 HPs)
             Began as a Tengu Conjurer on June 24, 2017.
             Slain by a phantom (10 damage)
             ... on level 3 of the Dungeon.
             The game lasted 00:07:42 (2105 turns).

ANON1729 the Conjurer (Tengu Conjurer)              Turns: 2105, Time: 00:07:42

Health: -3/24      AC:  3    Str:  9    XL:     4   Next: 48%
Magic:  1/8        EV: 12    Int: 16    God:
Gold:   103        SH:  0    Dex: 14    Spells: 5/8 levels left

rFire    . . .     SeeInvis .   k - +0 short sword
rCold    . . .     Gourm    .   (no shield)
rNeg     . . .     Faith    .   a - +0 robe
rPois    .         Spirit   .   (helmet restricted)
rElec    .         Reflect  .   (no cloak)
rCorr    .         Harm     .   n - +0 pair of gloves
MR       .....                  (boots unavailable)
Stlth    ++........             (no amulet)
Regen    0.1/turn               (no ring)
MPRegen  0.2/turn               (no ring)

@: no status effects
A: beak, talons 3
a: no special abilities


You were on level 3 of the Dungeon.
You were not hungry.

You visited 1 branch of the dungeon, and saw 3 of its levels.

You collected 103 gold pieces.

Inventory:

Hand Weapons
 k - a +0 short sword (weapon)
Armour
 a - a +0 robe (worn)
 n - a +0 pair of gloves (worn)
Jewellery
 o - a cursed -2 ring of dexterity {unknown}
Scrolls
 d - 7 scrolls of identify {unknown}
 e - a scroll of enchant armour {unknown}
 f - a scroll of fog {unknown}
 i - a scroll of teleportation {unknown}
 j - 3 scrolls of recharging {unknown}
Potions
 g - a potion of haste {unknown}
 h - 2 potions of berserk rage {unknown}
 l - 2 potions of curing {unknown}
 m - 2 potions of ambrosia {unknown}
 r - a potion of flight {unknown}
Books
 b - a book of Conjurations

   Spells                             Type                      Level
   a - Magic Dart                     Conjuration                  1
   b - Searing Ray                    Conjuration                  2
   c - Dazzling Spray                 Conjuration/Hexes            3
   d - Fulminant Prism                Conjuration/Hexes            4
   e - Force Lance                    Conjuration/Translocation    4
   f - Iskenderun's Mystic Blast      Conjuration                  4
Comestibles
 c - a bread ration
 q - a meat ration


   Skills:
 - Level 2.2 Dodging
 - Level 2.0 Stealth
 + Level 2.5 Spellcasting
 + Level 7.1 Conjurations


You had 5 spell levels left.
You knew the following spells:

 Your Spells              Type           Power        Failure   Level  Hunger
a - Magic Dart            Conj           ###.         1%          1    #......
b - Searing Ray           Conj           ###...       1%          2    ##.....


Dungeon Overview and Level Annotations

Branches:
Dungeon (3/15)

Altars:
Fedhas


Innate Abilities, Weirdness & Mutations

You have a beak for a mouth.
You have claws for feet.


Message History

Aim: a phantom (moderately damaged)
The magic dart hits the phantom.
The phantom is moderately damaged.
The phantom hits you.
Casting: Magic Dart
Confirm with . or Enter, or press ? or * to list all spells.
Aiming: Searing Ray
Press: ? - help, Shift-Dir - straight line, f/p - phantom
Aim: a phantom (moderately damaged)
The searing ray misses the phantom. (Press . to maintain the ray.)
The phantom closely misses you.
The searing ray hits the phantom.
The phantom is moderately damaged.
The phantom hits you.
* * * LOW HITPOINT WARNING * * *
The searing ray hits the phantom.
The phantom is severely damaged.
The phantom hits you!
You die...

#######
#.....#
#.....###.#
#...@.....#
#..W..###.#
#.....#
#.....#
#.....#
#.....#
#.....#
......#


You could see a phantom.

Vanquished Creatures
  2 adders (D:2)
  2 oozes
  2 worms (D:2)
  A dart slug (D:2)
  4 leopard geckos
  2 giant cockroaches
  5 goblins
  7 hobgoblins
  4 jackals (D:2)
  6 bats
  5 frilled lizards
  2 kobolds
  2 rats
44 creatures vanquished.

Notes
Turn   | Place    | Note
-------+----------+-------------------------------------------
     0 | D:1      | ANON1729 the Tengu Conjurer began the quest for the Orb.
     0 | D:1      | Reached XP level 1. HP: 10/10 MP: 4/4
   112 | D:1      | Reached XP level 2. HP: 15/15 MP: 3/6
   117 | D:1      | Learned a level 2 spell: Searing Ray
   761 | D:1      | Reached skill level 6 in Conjurations
   900 | D:2      | Reached XP level 3. HP: 19/19 MP: 5/7
  1337 | D:2      | Reached XP level 4. HP: 24/24 MP: 2/8
  1588 | D:2      | Reached skill level 7 in Conjurations
  2006 | D:2      | Found a blossoming altar of Fedhas.
  2099 | D:3      | Noticed a phantom
  2105 | D:3      | Slain by a phantom

Skill      XL: |  1  2  3  4 |
---------------+-------------+-----
Conjurations   | 6 7 |  7.1
Dodging        | |  2.2
Stealth        | |  2.0
Spellcasting   | |  2.5

Action                   |  1- 3 |  4- 6 || total
-------------------------+-------+-------++-------
Melee: Short sword       |     6 |     9 ||    15
       Kick              |     1 |     2 ||     3
       Peck              |     1 |     1 ||     2
 Cast: Magic Dart        |    61 |    19 ||    80
       Searing Ray       |     1 |     6 ||     7
 Stab: Sleeping          |       |     2 ||     2
  Eat: Chunk             |     2 |     3 ||     5
Armor: Robe              |     3 |     8 ||    11
Dodge: Dodged            |    11 |     9 ||    20
